 Dungeon Crawl Stone Soup version 0.31-a0-1005-gfbdfbacc72 (webtiles) character file.

Game seed: 10743999084828511656

25 BinkBink the Shield-Bearer (level 2, -1/27 HPs)
             Began as a Minotaur Fighter on Nov 11, 2023.
             Slain by a worm (2 damage)
             ... on level 2 of the Dungeon.
             The game lasted 00:00:45 (1077 turns).

BinkBink the Shield-Bearer (Minotaur Fighter)       Turns: 1077, Time: 00:00:46

Health: -1/27      AC:  7    Str: 20    XL:     2   Next: 86%
Magic:  1/1        EV:  9    Int:  5    God:
Gold:   24         SH:  4    Dex:  9    Spells: 1/1 levels left

rFire   . . .        a - +0 war axe
rCold   . . .        c - +0 buckler
rNeg    . . .        b - +0 scale mail
rPois   +            (helmet restricted)
rElec   .            (no cloak)
rCorr   .            (no gloves)
SInv    .            (no boots)
Will    .....        (no amulet) Stlth
                     f - ring of poison resistance
HPRegen 0.24/turn    (no ring)
MPRegen 0.07/turn

%: no passive effects
@: no status effects
A: horns 2, retaliatory headbutt
a: no special abilities


You were on level 2 of the Dungeon.
You visited 1 branch of the dungeon, and saw 2 of its levels.

You collected 24 gold pieces.

Inventory:

Hand Weapons
 a - a +0 war axe (weapon)
Armour
 b - a +0 scale mail (worn)
 c - a +0 buckler (worn)
Jewellery
 f - a ring of poison resistance (left hand)
Scrolls
 e - 2 scrolls of identify {unknown}
 h - a scroll of teleportation {unknown}
 k - a scroll of enchant weapon {unknown}
Potions
 d - a potion of might
 g - a potion of haste {unknown}
 i - a potion of lignification {unknown}
 j - a potion of curing {unknown}
 l - a potion of ambrosia {unknown}


   Skills:
 + Level 3.9 Fighting
 + Level 2.8 Axes
 + Level 3.9 Armour
 + Level 1.0 Dodging
 + Level 3.9 Shields


You had one spell level left.
You didn't know any spells.
Your spell library contained the following spells:

 Spells                   Type           Power      Damage    Failure   Level
 Sublimation of Blood     Necr           0%         N/A       95%         2
 Gell's Gravitas          Tloc           0%         N/A       99%         3
 Teleport Other           Tloc           0%         N/A       99%         3
 Petrify                  Tmut/Erth      0%         N/A       100%        4
 Irradiate                Conj/Tmut      0%         3d11      100%        5
 Dispersal                Tloc           0%         N/A       100%        6


Dungeon Overview and Level Annotations

Branches:
Dungeon (2/15)

Altars:

Annotations:
D:2 1 runed translucent door, Crazy Yiuf


Innate Abilities, Weirdness & Mutations

You have a pair of horns on your head.
You reflexively headbutt those who attack you in melee.


Message History

The orc shouts!
A worm comes into view.
The rat closely misses you. You furiously retaliate!
You headbutt the rat.
You kill the rat!
The kobold barely misses you.
You see here a rat corpse.
You slash the worm! Your headbutt misses the worm.
The worm is heavily wounded.
You barely miss the kobold. The kobold hits you but does no damage.
You block the worm's attack. The kobold hits you with a +0 club.
The orc hits you with a +0 morningstar.
You hit the worm.
The worm is severely wounded.
You hit the kobold.
You kill the kobold!
You barely miss the orc. The orc hits you with a +0 morningstar.
The worm bites you!
You are too injured to fight recklessly!
You are too injured to fight recklessly!
You are too injured to fight recklessly!
You are too injured to fight recklessly!
You barely miss the orc. You hit the worm but do no damage.
The orc hits you but does no damage. You block the worm's attack.
The orc barely misses you. You furiously retaliate!
You headbutt the orc. You barely miss the orc.
The orc is severely wounded.
You barely miss the worm. The orc hits you but does no damage.
You block the worm's attack.
You barely miss the orc.
The orc is severely wounded.
You hit the worm. The orc hits you with a +0 morningstar!
* * * LOW HITPOINT WARNING * * *
You hit the orc.
You kill the orc!
You hit the worm. The worm bites you.
* * * LOW HITPOINT WARNING * * *
You hit the worm.
The worm is almost dead.
The worm bites you.
You die...

#.##.# #.##.# #.##.#
#.##.# #########.#.##.#
#.......#.#.##.#
......... #.##.#########
#.....w.###.............
#.....)@..>.......######
#.....).#########....###
#.......# ####....
##.###### ##### # ## #.
#. #.


You could see a worm.

Vanquished Creatures
  A worm (D:2)
  An orc (D:2)
  An endoplasm (D:1)
  2 giant cockroaches (D:2)
  3 quokkas
  A ball python (D:1)
  2 bats (D:1)
  2 frilled lizards
  A goblin (D:1)
  5 kobolds
  2 rats
21 creatures vanquished.

Notes
Turn   | Place    | Note
-------+----------+-------------------------------------------
     0 | D:1      | BinkBink the Minotaur Fighter began the quest for the Orb.
     0 | D:1      | Reached XP level 1. HP: 19/19 MP: 0/0
   331 | D:1      | Reached XP level 2. HP: 27/27 MP: 1/1
   927 | D:2      | Found a runed translucent door.
   928 | D:2      | Noticed Crazy Yiuf
  1003 | D:2      | Reached skill level 1 in Dodging
  1076 | D:2      | HP: 1/27 [worm (6)]
  1077 | D:2      | Slain by a worm

Illustrated notes

Levels and vault maps discovered:
D:1:      lemuel_arrival_hallway, layout_loops_ring
D:2:      layout_basic, uniq_crazy_yiuf_cottage

Skill      XL: |  1  2 |
---------------+-------+-----
Dodging        | 1 |  1.0
Fighting       | |  3.9
Axes           | |  2.8
Armour         | |  3.9
Shields        | |  3.9

Action                     || total
---------------------------++-------
  Melee: War axe           ||    57
         Headbutt          ||     7
 Armour: Scale mail        ||    48
  Dodge: Dodged            ||    30
  Block: Buckler           ||    17

Table legend: (Time is in decaauts)
 A = Elapsed time spent in this place.
 B = Non-inter-level travel time spent in this place.
 C = Inter-level travel time spent in this place.
 D = Time resting spent in this place.
 E = Time spent auto-exploring this place.
 F = Levels seen in this place.
 G = Mean time per level.
                   A        B        C        D        E       F      G
               +--------+--------+--------+--------+--------+-----+--------+
         Total |   1099 |   1033 |     66 |      0 |    878 |   2 |  549.5 |
       Dungeon |   1099 |   1033 |     66 |      0 |    878 |   2 |  549.5 |
               +--------+--------+--------+--------+--------+-----+--------+

Top non-repeatable levels by time:
     D:1: 714 daAuts
     D:2: 385 daAuts
